 Dungeon Crawl Stone Soup version 0.18.1-48-g4cf74bf (webtiles) character file.

7 MaCx the Magician (level 2, 0/15 HPs)
             Began as a Gargoyle Wizard on Sept 5, 2016.
             Slain by a rat (2 damage)
             ... on level 1 of the Dungeon.
             The game lasted 00:01:41 (609 turns).

MaCx the Magician (Gargoyle Wizard)                  Turns: 609, Time: 00:01:42

Health: 0/15       AC:  4    Str: 10    XL:     2   Next: 0%
Magic:  0/6        EV: 11    Int: 18    God:
Gold:   49         SH:  0    Dex:  8    Spells: 1 memorised, 6 levels left

rFire  . . .     SeeInvis .     (no weapon)
rCold  . . .     Gourm    .     a - +0 robe
rNeg   + . .     Faith    .     (no shield)
rPois  ∞         Spirit   .     b - +0 hat
rElec  +         Dismiss  .     (no cloak)
rCorr  .         Reflect  .     (no gloves)
SustAt .         Harm     .     (no boots)
MR     .....                    (no amulet)
Stlth  ++........               (no ring)
                                (no ring)

@: very slightly contaminated, not resistant to hostile enchantments, unstealthy
A: negative energy resistance 1, electricity resistance, unbreathing,
petrification resistance, rot immunity, AC +2
a: no special abilities


You were on level 1 of the Dungeon.
You were not hungry.

You visited 1 branch of the dungeon, and saw 1 of its levels.

You collected 49 gold pieces.

Inventory:

Armour
 a - a +0 robe (worn)
 b - a +0 hat (worn)
Jewellery
 i - an uncursed ring of fire {unknown}
Scrolls
 e - 2 scrolls of teleportation {unknown}
 g - a scroll of remove curse {unknown}
Potions
 f - a potion of brilliance {unknown}
 j - a potion of magic {unknown}
Books
 c - a book of Minor Magic

   Spells                             Type                      Level
   a - Magic Dart                     Conjuration                  1
   b - Blink                          Translocation                2
   c - Call Imp                       Summoning                    2
   d - Repel Missiles                 Charms/Air                   2
   e - Slow                           Hexes                        2
   f - Conjure Flame                  Conjuration/Fire             3
   g - Mephitic Cloud                 Conjuration/Poison/Air       3
Comestibles
 d - a bread ration
 h - 2 fruits
 k - a chunk of flesh


   Skills:
 - Level 1.5 Dodging
 - Level 2.1 Stealth
 + Level 3.1 Spellcasting
 + Level 1.9 Conjurations
   Level 0.8 Summonings
   Level 0.8 Translocations


You had 6 spell levels left.
You knew the following spells:

 Your Spells              Type           Power        Failure   Level  Hunger
a - Magic Dart            Conj           #...         10%         1    None


Dungeon Overview and Level Annotations

Branches:
Dungeon (1/15)

Altars:


Innate Abilities, Weirdness & Mutations

You are resistant to torment.
Your stone body is resilient (AC +2).
You are immune to poison.
You resist negative energy.
You are resistant to electric shocks.
You can survive without breathing.
You are immune to petrification.
You are immune to rotting.


Message History

The goblin hits you with a dagger of protection.
The rat bites you but does no damage. The bat barely misses you.
You barely miss the goblin.
The goblin is moderately wounded.
The bat barely misses you. The goblin closely misses you. The rat misses you.
You hit the goblin but do no damage.
The goblin is moderately wounded.
The bat barely misses you.
The goblin hits you with a dagger of protection.
* * * LOW HITPOINT WARNING * * *
The rat closely misses you.
You closely miss the goblin.
The goblin is moderately wounded.
The bat hits you but does no damage. The bat hits you.
* * * LOW HITPOINT WARNING * * *
The bat hits you but does no damage.
The goblin hits you with a dagger of protection.
* * * LOW HITPOINT WARNING * * *
The rat bites you.
You die...

# K ##### . ..# #...# . #.# #...#
.## #.### #...# ..###...# #...#
........# ##...# ........# #..@.#
##### ........# ##.grb# #...#
...>....## #.....# #...####
.........####.#...########...##..
####.###................##...##..
#...######.###............##..
###.....##.###......#.........
#####.....##......#.#....##. #
#.......................


You could see a goblin, a bat and a rat.

Vanquished Creatures
  2 goblins (D:1)
  A ball python (D:1)
  2 bats (D:1)
  2 giant newts (D:1)
  2 rats (D:1)
9 creatures vanquished.

Notes
Turn   | Place    | Note
--------------------------------------------------------------
     0 | D:1      | MaCx the Gargoyle Wizard began the quest for the Orb.
     0 | D:1      | Reached XP level 1. HP: 10/10 MP: 4/4
   551 | D:1      | Reached XP level 2. HP: 15/15 MP: 4/6
   609 | D:1      | Slain by a rat

Action                   || total
-------------------------++-------
Melee: Unarmed           ||     9
 Cast: Magic Dart        ||    21
Armor: Robe              ||    14
Dodge: Dodged            ||    18
